 Dungeon Crawl Stone Soup version 0.30-a0-728-gc68057be0a (webtiles) character file.

Game seed: 6703374648162479296

92 hikkokomori the Ducker (level 4, -7/28 HPs)
             Began as a Tengu Gladiator on Feb 1, 2023.
             Mangled by a gnoll
             ... wielding a +0 halberd
              (12 damage)
             ... on level 2 of the Dungeon.
             The game lasted 00:02:31 (1448 turns).

hikkokomori the Ducker (Tengu Gladiator)            Turns: 1448, Time: 00:02:32

Health: -7/28      AC:  3    Str: 15    XL:     4   Next: 60%
Magic:  5/5        EV: 13    Int:  8    God:
Gold:   71         SH:  0    Dex: 17    Spells: 3/3 levels left

rFire   . . .      SeeInvis .    a - +0 long sword
rCold   . . .      Faith    .    (no shield)
rNeg    . . .      Spirit   .    b - +0 leather armour
rPois   .          Reflect  .    c - +0 hat
rElec   .          Harm     .    (no cloak)
rCorr   .          Rampage  .    (no gloves)
Will    .....                    (boots unavailable)
Stlth   +                        (no amulet)
HPRegen 0.24/turn                (no ring)
MPRegen 0.09/turn                (no ring)

@: no status effects
A: beak, talons 3
a: no special abilities


You were on level 2 of the Dungeon.
You visited 1 branch of the dungeon, and saw 2 of its levels.

You collected 71 gold pieces.

Inventory:

Hand Weapons
 a - a +0 long sword (weapon)
Missiles
 e - a javelin
 i - 2 poisoned darts (quivered)
Armour
 b - a +0 leather armour (worn)
 c - a +0 hat (worn)
 g - a +0 ring mail
Jewellery
 m - a ring of magical power
Scrolls
 d - a scroll of enchant armour {unknown}
 f - 3 scrolls of noise {unknown}
 h - 2 scrolls of blinking {unknown}
 l - a scroll of identify {unknown}
Potions
 j - a potion of lignification {unknown}
 k - a potion of cancellation {unknown}


   Skills:
 + Level 3.1 Fighting
 + Level 4.2 Long Blades
 - Level 2.0 Throwing
 - Level 4.2 Dodging
 + Level 0.4 Stealth


You had 3 spell levels left.
You didn't know any spells.
Your spell library contained the following spells:

 Spells                   Type           Power      Damage    Failure   Level
 Chain Lightning          Conj/Air       0%         N/A       100%        9
 Fire Storm               Conj/Fire      0%         5d1       100%        9
 Shatter                  Erth           0%         3d5*      100%        9


Dungeon Overview and Level Annotations

Branches:
Dungeon (2/15)

Altars:


Innate Abilities, Weirdness & Mutations

You have a beak for a mouth.
You have claws for feet.


Message History

The gnoll shouts!
You hit the gnoll. You claw the gnoll.
The gnoll is severely wounded.
The gnoll hits you with a +0 halberd!
The gnoll hits you from afar with a +0 spear!
* * * LOW HITPOINT WARNING * * *
The gnoll misses you.
The gnoll hits you from afar with a +0 spear.
* * * LOW HITPOINT WARNING * * *
You are too injured to fight recklessly!
You are too injured to fight recklessly!
You are too injured to fight recklessly!
You are too injured to fight recklessly!
You are too injured to fight recklessly!
You are too injured to fight recklessly!
You are too injured to fight recklessly!
You are too injured to fight recklessly!
You are too injured to fight recklessly!
You are too injured to fight recklessly!
You are too injured to fight recklessly!
You are too injured to fight recklessly!
You are too injured to fight recklessly!
You are too injured to fight recklessly!
You are too injured to fight recklessly!
You are too injured to fight recklessly!
You are too injured to fight recklessly!
You are too injured to fight recklessly!
You are too injured to fight recklessly!
You are too injured to fight recklessly!
You are too injured to fight recklessly!
You are too injured to fight recklessly!
You are too injured to fight recklessly!
Okay, then.
Sorry, you're not good enough to have a special ability.
Unknown command.
The gnoll attacks as you move away! The gnoll barely misses you.
The gnoll completely misses you.
There is a stone staircase leading up, spattered with blood here.
The gnoll hits you from afar with a +0 halberd!
You die...

... ..# ####### ...
..##########<....# #..
#..........#.###.# . #.#
#.######.###.###.### .. #.#
##.###.##.###........ ..###.##
#>..##.##............
......g####...#....#.##........
......gg..#......#.#.###.######
....[.)##.##.#..@..#.....#
#......##..........#.#####
#......##.#....#g.##.....#
#......##.######g.######.#
#......####
#.........##.######## #......#
###.#####.##......... #......#
#.# #.............. #......#
#.# ######......... #....$.#
#.# #.##.........


You could see 2 gnolls.

Vanquished Creatures
  Terence (D:2)
  2 gnolls
  An adder (D:2)
  A dart slug (D:1)
  3 endoplasms (D:2)
  3 giant cockroaches
  A goblin (D:2)
  A hobgoblin (D:1)
  4 jackals
  2 quokkas (D:2)
  7 ball pythons
  2 bats
  4 frilled lizards
  4 kobolds
  2 rats
38 creatures vanquished.

Notes
Turn   | Place    | Note
-------+----------+-------------------------------------------
     0 | D:1      | hikkokomori the Tengu Gladiator began the quest for the
                  | Orb.
     0 | D:1      | Reached XP level 1. HP: 12/12 MP: 2/2
   272 | D:1      | Reached XP level 2. HP: 17/17 MP: 3/3
   839 | D:2      | Noticed Terence
   840 | D:2      | Reached XP level 3. HP: 15/22 MP: 4/4
   859 | D:2      | Killed Terence
  1034 | D:2      | Reached XP level 4. HP: 27/27 MP: 5/5
  1448 | D:2      | Mangled by a gnoll

Illustrated notes

Levels and vault maps discovered:
D:1:      beargit_arrival_diablo_church, layout_loops_ring
D:2:      layout_basic, uniq_terence, uniq_crazy_yiuf_cottage

Skill      XL: |  1  2  3  4 |
---------------+-------------+-----
Dodging        | 4 |  4.2
Long Blades    | 4 |  4.2
Fighting       | 3 |  3.1
Throwing       | |  2.0
Stealth        | |  0.4

Action                     |  1- 3 |  4- 6 || total
---------------------------+-------+-------++-------
  Melee: Long sword        |    81 |    28 ||   109
         Kick              |    21 |     8 ||    29
         Peck              |    10 |     7 ||    17
  Throw: Throwing net      |     3 |       ||     3
         Dart              |     2 |       ||     2
         Javelin           |     1 |       ||     1
   Stab: Sleeping          |     1 |       ||     1
 Armour: Leather armour    |    19 |     4 ||    23
  Dodge: Dodged            |    74 |    41 ||   115

Table legend: (Time is in decaauts)
 A = Elapsed time spent in this place.
 B = Non-inter-level travel time spent in this place.
 C = Inter-level travel time spent in this place.
 D = Time resting spent in this place.
 E = Time spent auto-exploring this place.
 F = Levels seen in this place.
 G = Mean time per level.
                   A        B        C        D        E       F      G
               +--------+--------+--------+--------+--------+-----+--------+
         Total |   1472 |   1412 |     60 |    148 |    940 |   2 |  736.0 |
       Dungeon |   1472 |   1412 |     60 |    148 |    940 |   2 |  736.0 |
               +--------+--------+--------+--------+--------+-----+--------+

Top non-repeatable levels by time:
     D:1: 796 daAuts
     D:2: 675 daAuts
